Map: Proxima Station LE

Players

Osath - Winner!

  • Race: Zerg Zerg
  • League: Master
  • Spawn Location: 7:00

killer

  • Race: Terran Terran
  • League: Master
  • Spawn Location: 1:00

VOD

Have the link to the VOD?

Description

Time

  • Played on: June 21, 2017, 1:08 p.m.
  • Length: 14:08
Show
View Real Time Build Order
Export as new Build Order

Osath Zerg - Winner!

Build Orders: Hatch First 

Get SALT Encoding   

  12  0:00  Drone  
  13  0:12  Overlord  
  13  0:16  Drone  
  14  0:31  Drone x2  
  14  0:35  Drone  
  17  0:52  Hatchery  
  17  0:56  Drone  
  17  1:00  Drone  
  18  1:12  Extractor  
  18  1:16  Spawning Pool  
  17  1:18  Drone  
  17  1:21  Drone  
  18  1:29  Drone  
  19  1:39  Overlord  
  19  2:03  Queen  
  19  2:04  Zergling x4  
  19  2:05  Queen  
  19  2:06  Drone  
  26  2:13  Metabolic Boost  
  26  2:17  Drone x2  
  26  2:22  Drone  
  29  2:27  Drone  
  30  2:33  Drone  
  31  2:38  Overlord  
  31  2:39  Queen  
  33  2:45  Queen  
  35  2:53  Drone  
  35  2:58  Drone x3  
  38  3:05  Drone  
  40  3:15  Drone x2  
  40  3:16  Drone  
  43  3:24  Overlord  
  43  3:34  Overlord, Queen  
  43  3:35  Hatchery  
  44  3:44  Drone x5  
  44  3:47  Spore Crawler  
  44  3:48  Spore Crawler  
  47  3:49  Drone  
  47  3:52  Drone  
  47  3:53  Drone  
  50  3:59  Queen  
  50  4:11  Lair  
  50  4:15  Drone x6  
  56  4:26  Evolution Chamber x2  
  56  4:27  Overlord  
  56  4:28  Zergling x2  
  56  4:29  Zergling x4  
  56  4:45  Drone x4  
  56  4:50  Drone x3  
  59  4:54  Queen  
  61  5:03  Drone x3  
  61  5:05  Queen  
  66  5:16  Hatchery  
  66  5:19  Extractor x2  
  66  5:20  Overlord, Extractor  
  62  5:21  Extractor  
  62  5:25  Drone x2, Spire  
  62  5:26  Extractor  
  61  5:28  Overlord  
  61  5:32  Overlord  
  61  5:37  Drone x3  
  61  5:38  Drone  
  65  5:43  Drone x4  
  65  5:44  Drone  
  70  5:51  Drone  
  71  5:57  Overlord  
  71  5:58  Drone x5  
  71  5:59  Drone  
  71  6:03  Drone  
  71  6:04  Drone x3  
  80  6:05  Drone  
  82  6:12  Overlord  
  82  6:16  Drone  
  82  6:17  Drone  
  74  6:40  Zergling x16  
  74  6:41  Zergling x4  
  80  6:49  Drone x2  
  80  6:52  Drone x2  
  80  6:53  Drone x4  
  74  7:04  Drone  
  74  7:05  Drone x4  
  71  7:12  Corruptor  
  71  7:13  Corruptor x3  
  79  7:21  Drone x2  
  81  7:23  Corruptor  
  81  7:24  Corruptor  
  85  7:32  Drone x5  
  85  7:33  Drone  
  85  7:37  Drone  
  92  7:39  Corruptor  
  92  7:52  Queen x3  
  92  7:55  Drone x2  
  93  7:59  Corruptor  
  88  8:06  Drone x3  
  88  8:07  Drone x2  
  88  8:09  Drone  
  90  8:17  Drone x4  
  93  8:21  Drone  
  93  8:22  Drone x2  
  96  8:28  Drone x3  
  96  8:30  Drone  
  96  8:31  Drone  
  101  8:35  Overlord  
  101  8:36  Drone  
  102  8:42  Zerg Flyer Weapons Level 1  
  102  8:43  Drone  
  102  8:45  Overlord  
  103  8:48  Overlord  
  103  8:49  Zerg Melee Weapons Level 1  
  103  8:53  Zerg Ground Armor Level 1  
  103  8:58  Overlord  
  103  9:00  Drone  
  104  9:07  Corruptor  
  106  9:12  Hatchery  
  103  9:19  Corruptor x3  
  103  9:20  Corruptor  
  107  9:28  Drone  
  107  9:29  Drone x6  
  107  9:30  Drone  
  115  9:38  Drone x4  
  117  9:39  Drone x3  
  117  9:40  Infestation Pit  
  117  9:43  Overlord  
  117  9:45  Pneumatized Carapace, Overseer  
  121  9:54  Overlord  
  121  9:56  Drone x2  
  121  9:59  Drone x4  
  128  10:00  Drone x2, Baneling Nest  
  128  10:04  Drone  
  128  10:05  Overlord  
  129  10:07  Zergling x4  
  129  10:08  Zergling x10  
  129  10:09  Queen  
  138  10:18  Zergling x12  
  138  10:19  Zergling x6  
  147  10:23  Drone  
  147  10:39  Zergling x2  
  147  10:40  Zergling x24  
  144  10:50  Corruptor  
  144  10:51  Corruptor x6  
  144  10:54  Zerg Ground Armor Level 2  
  144  10:56  Zerg Melee Weapons Level 2  
  158  10:59  Overlord  
  158  11:01  Zerg Flyer Weapons Level 2  
  158  11:17  Overlord, Hive, Queen  
  160  11:19  Drone  
  160  11:20  Centrifical Hooks  
  160  11:21  Hatchery  
  160  11:26  Zergling x4  
  160  11:27  Overlord  
  160  11:28  Overlord x2, Corruptor  
  164  11:36  Hatchery  
  163  11:40  Baneling  
  163  11:41  Baneling x12  
  163  11:43  Overlord  
  158  11:48  Corruptor x5  
  158  11:49  Corruptor x3  
  149  12:10  Zergling x26  
  149  12:11  Zergling x20  
  170  12:17  Pathogen Glands  
  170  12:19  Burrow  
  170  12:27  Zergling x2  
  170  12:28  Zergling x8  
  171  12:31  Zergling x2  
  171  12:34  Overseer x3  
  171  12:37  Hatchery, Zergling x20  
  175  12:49  Corruptor  
  175  12:50  Corruptor x6  
  171  13:02  Corruptor x5  
  169  13:14  Corruptor x2  
  170  13:20  Zergling x2  
  170  13:21  Zergling x34  
  178  13:41  Zergling x2, Extractor  
  171  13:42  Zergling x28, Extractor  
  171  13:45  Extractor  
  171  13:46  Drone, Extractor  
  171  13:48  Overlord  
Show
View Real Time Build Order
Export as new Build Order

killer Terran 

Build Orders: Liberator Opening 

Get SALT Encoding   

  12  0:01  SCV  
  13  0:13  SCV  
  14  0:18  Supply Depot  
  14  0:25  SCV  
  15  0:39  SCV  
  15  0:42  Barracks  
  16  0:52  SCV  
  16  0:53  Refinery  
  17  1:04  SCV  
  18  1:16  SCV  
  19  1:29  Orbital Command  
  19  1:36  Command Center  
  19  1:47  Marine  
  19  1:48  Supply Depot  
  20  1:55  SCV  
  21  2:11  Factory  
  21  2:19  SCV  
  21  2:22  Barracks Reactor  
  22  2:23  Refinery  
  22  2:32  SCV  
  23  2:45  SCV  
  23  2:51  Orbital Command  
  24  2:56  Refinery  
  24  2:57  SCV  
  25  2:59  Starport  
  25  3:09  SCV, Barracks Tech Lab  
  26  3:16  Hellion x2  
  30  3:22  SCV  
  30  3:23  SCV  
  32  3:30  Supply Depot  
  32  3:34  SCV, Liberator  
  32  3:35  SCV  
  32  3:40  Fusion Core  
  35  3:41  Hellion  
  35  3:43  Hellion  
  35  3:46  SCV  
  35  3:47  SCV  
  42  3:58  SCV  
  42  4:00  SCV  
  42  4:02  Supply Depot  
  44  4:07  Hellion  
  46  4:12  Hellion  
  46  4:16  SCV x2  
  50  4:28  SCV x2  
  54  4:31  Hellion  
  54  4:34  Hellion  
  56  4:40  SCV  
  49  4:54  Battlecruiser  
  49  4:56  Hellion x2, SCV  
  49  4:57  SCV  
  61  5:02  Supply Depot  
  61  5:03  Advanced Ballistics  
  61  5:07  Supply Depot  
  61  5:08  SCV  
  62  5:15  Weapon Refit  
  62  5:24  Hellion x2, SCV x2  
  68  5:36  SCV x2  
  70  5:48  SCV  
  71  5:55  SCV  
  72  5:57  Supply Depot, Engineering Bay  
  72  5:59  Widow Mine x2  
  72  6:00  Supply Depot x2, SCV  
  72  6:03  Command Center  
  77  6:19  Battlecruiser  
  83  6:29  Widow Mine x2  
  87  6:35  Refinery  
  83  7:06  Widow Mine x2  
  75  7:12  Missile Turret  
  75  7:16  Orbital Command  
  75  7:18  Missile Turret  
  75  7:20  Missile Turret  
  75  7:24  Missile Turret, Refinery  
  75  7:28  Battlecruiser  
  75  7:29  Starport  
  81  7:31  Starport  
  75  8:07  Widow Mine x2  
  75  8:09  Starport Tech Lab x2  
  73  8:22  SCV  
  73  8:25  Refinery  
  74  8:27  Factory  
  74  8:28  Factory  
  74  8:32  Battlecruiser  
  77  8:48  Missile Turret  
  77  8:49  SCV x2  
  77  8:51  Missile Turret  
  79  8:55  Missile Turret  
  79  8:56  Missile Turret  
  79  8:58  Hi-Sec Auto Tracking  
  79  9:00  Command Center x2  
  79  9:02  Missile Turret  
  79  9:04  Battlecruiser  
  79  9:08  Battlecruiser  
  79  9:09  Widow Mine  
  93  9:28  Command Center  
  93  9:31  Missile Turret, Widow Mine  
  95  9:38  Factory Tech Lab  
  95  9:39  Factory Tech Lab  
  95  9:40  Armory  
  95  9:41  Armory  
  95  9:42  SCV  
  96  9:47  Command Center  
  96  9:48  Missile Turret  
  96  9:57  Battlecruiser  
  96  9:58  Siege Tank  
  105  10:07  Corvid Reactor  
  94  10:55  Siege Tank x2  
  94  10:57  Hellion x2  
  104  11:03  Battlecruiser  
  110  11:07  Orbital Command, Terran Vehicle And Ship Armor Level 1, Terran Vehicle Weapons Level 1  
  110  11:18  Missile Turret  
  110  11:29  Hellion x2, Siege Tank x2  
  110  11:32  Command Center, Missile Turret x2  
  108  12:14  Siege Tank x2  
  108  12:15  Hellion  
  116  12:38  Hellion  
  116  12:39  Hellion, Raven x3  
  126  12:46  Siege Tank  
  126  12:47  Hellion  
  88  13:21  Raven  
  80  13:40  Hellion x2  
  90  13:48  Command Center  
  90  13:49  Missile Turret  
  90  13:51  Command Center  
  90  13:52  Missile Turret  
  91  14:00  Missile Turret  
Tags
 
Add a new tag
Caveats
  • Supply blocks, unpowered buildings, or Contaminate may cause inaccurate times.
  • Supply counts are checked every 10 seconds.